 Dungeon Crawl Stone Soup version 0.18.1-48-g4cf74bf (webtiles) character file.

16 djnw the Caller (level 2, -3/19 HPs)
             Began as a Mummy Summoner on Aug 22, 2016.
             Slain by a hobgoblin (5 damage)
             ... on level 1 of the Dungeon.
             The game lasted 00:05:19 (387 turns).

djnw the Caller (Mummy Summoner)                     Turns: 387, Time: 00:05:20

Health: -3/19      AC:  2    Str: 11    XL:     2   Next: 37%
Magic:  1/5        EV: 12    Int: 14    God:
Gold:   28         SH:  0    Dex: 12    Spells: 2 memorised, 2 levels left

rFire  x . .     SeeInvis .     d - +0 club
rCold  + . .     Gourm    .     a - +0 robe
rNeg   + + +     Faith    .     (no shield)
rPois  ∞         Spirit   .     (no helmet)
rElec  .         Dismiss  .     (no cloak)
rCorr  .         Reflect  .     (no gloves)
SustAt .         Harm     .     (no boots)
MR     .....                    (no amulet)
Stlth  ++........               (no ring)
                                (no ring)

@: very slightly contaminated, not resistant to hostile enchantments, unstealthy
A: no food or potions, fire vulnerability, cold resistance 1, negative energy
resistance 3, torment resistance, unbreathing
a: no special abilities


You were on level 1 of the Dungeon.
You were not hungry.

You visited 1 branch of the dungeon, and saw 1 of its levels.

You collected 28 gold pieces.

Inventory:

Hand Weapons
 d - a +0 club (weapon)
Armour
 a - a +0 robe (worn)
Scrolls
 c - a scroll of recharging {unknown}
Books
 b - a book of Callings

   Spells                             Type                      Level
   a - Summon Small Mammal            Summoning                    1
   b - Call Imp                       Summoning                    2
   c - Call Canine Familiar           Summoning                    3
   d - Summon Guardian Golem          Hexes/Summoning              3
   e - Summon Lightning Spire         Summoning/Air                4
   f - Summon Ice Beast               Ice/Summoning                4


   Skills:
 - Level 1.5 Dodging
 - Level 1.5 Stealth
 + Level 2.3 Spellcasting
 + Level 3.6 Summonings


You had 2 spell levels left.
You knew the following spells:

 Your Spells              Type           Power        Failure   Level  Hunger
a - Summon Small Mammal   Summ           ##..         6%          1    N/A
b - Call Imp              Summ           ##......     10%         2    N/A

Dungeon Overview and Level Annotations

Branches:
Dungeon (1/15)

Altars:


Innate Abilities, Weirdness & Mutations

You do not eat or drink.
Your flesh is vulnerable to fire.
You are immune to poison.
Your flesh is cold resistant.
You are immune to negative energy.
You are immune to unholy pain and torment.
You can survive without breathing.


Message History

* * * LOW HITPOINT WARNING * * *
The kobold closely misses your white imp.
Your white imp hits the dart slug.
Your white imp freezes the dart slug.
Your white imp hits the dart slug.
Your white imp freezes the dart slug.
The dart slug dies!
Your white imp gestures at the giant gecko.
The puff of frost misses the rat.
The puff of frost hits the giant gecko.
The giant gecko dies!
The rat twitches its whiskers.
Casting: Call Imp
Confirm with . or Enter, or press ? or * to list all spells.
You miscast Summon Small Mammal.
You are very lightly contaminated with residual magic.
Shadowy shapes form in the air around you, then vanish.
Your white imp barely misses the hobgoblin.
The rat bites you.
* * * LOW HITPOINT WARNING * * *
A giant newt comes into view.
The hobgoblin hits you.
You die...

###.#.#.###
#####..........[
#.....#
#...........
#.###.#
#........### ###
###
###########.#..# #
#.(.......#.#..# #
#.........#.#..#
#.....%...#.######
#.........#.......
#@................
#rg...............
#K..l...).........
#..5..............
#.................
#.................
#..........†....†.
#.........#....#.†
#.........#....#..


You could see a hobgoblin, a kobold, a giant newt, a rat and a friendly white
imp.

Vanquished Creatures
  A giant cockroach (D:1)
  2 hobgoblins (D:1)
  A bat (D:1)
4 creatures vanquished.

Vanquished Creatures (collateral kills)
  3 dart slugs (D:1)
  A giant gecko (D:1)
  A bat (D:1)
  3 goblins (D:1)
  A hobgoblin (D:1)
  A kobold (D:1)
  A ball python (D:1)
  A rat (D:1)
12 creatures vanquished.

Grand Total: 16 creatures vanquished

Notes
Turn   | Place    | Note
--------------------------------------------------------------
     0 | D:1      | djnw the Mummy Summoner began the quest for the Orb.
     0 | D:1      | Reached XP level 1. HP: 13/13 MP: 3/3
   300 | D:1      | Reached XP level 2. HP: 17/19 MP: 1/5
   346 | D:1      | Learned a level 2 spell: Call Imp
   387 | D:1      | Slain by a hobgoblin

Action                   || total
-------------------------++-------
Melee: Club              ||    20
 Cast: Summon Small Mamm ||    20
       Call Imp          ||     2
  Use: Scroll            ||     4
Armor: Robe              ||    11
Dodge: Dodged            ||    24
